 Dungeon Crawl Stone Soup version 0.16.2-12-gd0ad4c3 (webtiles) character file.

2179 faibistes the Thaumaturge (level 9, 0/54 HPs)
             Began as a Deep Elf Wizard on June 23, 2019.
             Was an Initiate of Sif Muna.
             Shot with a sling bullet by Joseph (5 damage)
             ... on level 7 of the Dungeon.
             The game lasted 00:25:08 (10368 turns).

faibistes the Thaumaturge (Deep Elf Wizard)        Turns: 10368, Time: 00:25:08

Health: 0/54       AC: 11    Str:  4    XL:     9   Next: 11%
Magic:  15/30      EV: 15    Int: 27    God:    Sif Muna [......]
Gold:   428        SH:  0    Dex: 13    Spells: 6 memorised, 15 levels left

rFire  . . .     SeeInvis .     i - +2 short sword (protect)
rCold  . . .     Clarity  .     a - +0 robe
rNeg   . . .     SustAb   .     (no shield)
rPois  .         Gourm    .     b - +0 hat
rElec  .         Spirit   .     v - +1 cloak
rCorr  .         Warding  .     D - +1 pair of gloves
rMut   .         Stasis   .     (no boots)
MR     +....                    (no amulet)
Stlth  ++........               o - ring of protection from magic
                                e - ring of wizardry

@: repel missiles, somewhat resistant to hostile enchantments, unstealthy
A: no striking features
a: Renounce Religion


You were on level 7 of the Dungeon.
You worshipped Sif Muna.
Sif Muna was noncommittal.
You were not hungry.

You visited 2 branches of the dungeon, and saw 8 of its levels.
You also visited: Sewer.

You collected 428 gold pieces.

Inventory:

Hand weapons
 f - a +0 club
 i - a +2 short sword of protection (weapon)
 m - a cursed +0 dagger of protection
Armour
 a - a +0 robe (worn)
 b - a +0 hat (worn)
 v - a +1 cloak (worn)
 D - a +1 pair of gloves (worn)
Magical staves
 x - an uncursed staff of fire
Jewellery
 e - a ring of wizardry (left hand)
 g - an uncursed ring of see invisible
 o - a ring of protection from magic (right hand)
 s - an uncursed ring of ice
Magical devices
 r - a wand of lightning (7)
 z - a wand of frost (25)
 G - a wand of flame (38)
Scrolls
 h - a scroll of noise
 n - 2 scrolls of magic mapping
 p - 2 scrolls of teleportation
 y - 3 scrolls of remove curse
 E - 2 scrolls of blinking
 K - 2 scrolls of immolation
Potions
 j - a potion of cure mutation
 k - 2 potions of restore abilities
 l - 4 potions of magic
 q - a potion of haste
 t - 4 potions of curing
 u - 3 potions of brilliance {unknown}
 A - a potion of mutation {unknown}
 B - a potion of poison {unknown}
 F - a potion of degeneration {unknown}
 J - a potion of ambrosia {unknown}
Books
 c - a book of Minor Magic

   Spells                             Type                      Level
   a - Magic Dart                     Conjuration                  1
   b - Blink                          Translocation                2
   c - Call Imp                       Summoning                    2
   d - Repel Missiles                 Charms/Air                   2
   e - Slow                           Hexes                        2
   f - Conjure Flame                  Conjuration/Fire             3
   g - Mephitic Cloud                 Conjuration/Poison/Air       3
Comestibles
 d - 6 bread rations
 w - a slice of pizza
 C - 3 meat rations
 I - a royal jelly


   Skills:
 - Level 5.1 Fighting
 + Level 6.4 Dodging
 - Level 2.4 Stealth
 * Level 10.3 Spellcasting
 * Level 4.2 Conjurations
 - Level 1.1 Summonings
 - Level 1.1 Translocations
 * Level 1.0 Fire Magic
 * Level 0.8 Air Magic
 + Level 0.9 Poison Magic
 - Level 2.7 Evocations


You had 15 spell levels left.
You knew the following spells:

 Your Spells              Type           Power        Failure   Level  Hunger
a - Magic Dart            Conj           ####         1%          1    None
b - Conjure Flame         Conj/Fire      ####....     1%          3    None
c - Call Imp              Summ           ###.....     1%          2    None
d - Blink                 Tloc           N/A          1%          2    None
e - Mephitic Cloud        Conj/Pois/Air  ###.....     2%          3    None
f - Repel Missiles        Chrm/Air       ###...       3%          2    None


Dungeon Overview and Level Annotations

Branches:
Dungeon (7/15)             Temple (1/1) D:6

Altars:
Ashenzari
Cheibriados
Dithmenos
Fedhas
Gozag
Kikubaaqudgha
Makhleb
Nemelex Xobeh
Okawaru
Ru
Sif Muna
Trog
Vehumet
Xom
Yredelemnul
Zin
The Shining One

Annotations:
D:7 Joseph


Message History

The centaur is heavily wounded.
Joseph shoots a sling bullet.
The sling bullet hits you! The sling bullet freezes you.
The centaur hits you but does no damage.
Casting: Magic Dart
Confirm with . or Enter, or press ? or * to list all spells.
Aiming: Mephitic Cloud
Press: ? - help, Shift-Dir - straight line, p - centaur The ball explodes into a vile cloud!
The stinking cloud engulfs Joseph.
Joseph is moderately wounded.
You hit the centaur.
The centaur is heavily wounded.
The centaur laughs crazily.
Joseph is engulfed in noxious fumes.
Joseph shoots a sling bullet.
The sling bullet closely misses you.
Joseph is engulfed in noxious fumes.
Joseph shoots a sling bullet.
The sling bullet hits you!
* * * LOW HITPOINT WARNING * * *
The sling bullet freezes you.
You die...

#.....o... #.....#....
############†####.....
#....#......(.......#
#................§..+
#......#.......@§§..#
#......#.......§§§..#
##+###+#.....(c.....#
####
#...##.###..@...#+###
#... #........#(<....#
#...
#........#(.....'...
#...
#........#......#...
+...
#........#......#...
#... #........+......#
. #...
#..<###+##......# #...
###+# ........ #...
....... +...


You could see Joseph and a centaur (confused).

Vanquished Creatures
  The ghost of faibistes the Magician, an average DEWz of Sif Muna (D:6)
  Menkaure (D:7)
  4 ogres
  A phantom (D:5)
  2 black bears (D:6)
  Duvessa (D:4)
  4 big kobolds (Sewer)
  A giant frog (D:6)
  A scorpion (D:6)
  A quasit (D:6)
  2 crimson imps (D:6)
  Dowan (D:4)
  2 hounds (D:6)
  A jelly (D:6)
  2 orc priests
  An iguana (D:6)
  Natasha (thrice) (D:3)
  5 orc wizards
  3 worker ants
  A hound skeleton (D:6)
  6 adders
  3 river rats
  2 giant mites
  10 worms
  2 adder skeletons (D:4)
  3 giant geckos
  8 oozes
  13 orcs
  6 ball pythons
  A bat zombie (D:6)
  7 giant cockroaches
  14 hobgoblins
  11 bats
  2 giant gecko skeletons
  A giant gecko zombie (D:6)
  5 giant newts
  9 goblins
  19 kobolds
  2 quokkas (D:6)
  13 rats
175 creatures vanquished.

Vanquished Creatures (collateral kills)
  The ghost of faibistes the Magician, a weakling DEWz (D:3)
  A worm (D:1)
  2 hobgoblins
4 creatures vanquished.

Grand Total: 179 creatures vanquished

Notes
Turn   | Place    | Note
--------------------------------------------------------------
     0 | D:1      | faibistes, the Deep Elf Wizard, began the quest for the Orb.
     0 | D:1      | Reached XP level 1. HP: 10/10 MP: 6/6
   521 | D:1      | Reached XP level 2. HP: 15/15 MP: 7/10
   548 | D:1      | Learned a level 2 spell: Blink
   551 | D:1      | Learned a level 2 spell: Call Imp
  1234 | D:2      | Reached skill level 5 in Spellcasting
  1370 | D:2      | Reached XP level 3. HP: 19/19 MP: 11/14
  1375 | D:2      | Learned a level 3 spell: Conjure Flame
  1379 | D:2      | Learned a level 3 spell: Mephitic Cloud
  1890 | D:2      | Reached XP level 4. HP: 24/24 MP: 0/17
  1902 | D:2      | Learned a level 2 spell: Repel Missiles
  2295 | D:2      | Found a shadowy altar of Dithmenos.
  2330 | D:2      | Found a sacrificial altar of Ru.
  2425 | D:3      | Noticed faibistes' ghost (weakling DEWz)
  3068 | D:3      | Killed faibistes' ghost
  3199 | D:3      | Reached XP level 5. HP: 28/28 MP: 15/20
  3453 | D:4      | Noticed Duvessa
  3453 | D:4      | Noticed Dowan
  3470 | D:4      | Found a glowing drain.
  3475 | Sewer    | Entered a sewer
  3692 | Sewer    | Reached skill level 6 in Spellcasting
  4087 | Sewer    | Reached XP level 6. HP: 33/33 MP: 11/22
  4363 | Sewer    | Reached skill level 1 in Fighting
  4373 | Sewer    | Reached skill level 7 in Spellcasting
  4807 | D:4      | Noticed an ogre
  4811 | D:4      | Reached XP level 7. HP: 40/40 MP: 1/25
  5068 | D:5      | Entered Level 5 of the Dungeon
  5196 | D:7      | Noticed Menkaure
  5639 | D:5      | Reached skill level 5 in Dodging
  5639 | D:5      | Reached skill level 8 in Spellcasting
  5749 | D:4      | Noticed an ogre
  5750 | D:4      | Noticed an ogre
  5775 | D:4      | Killed an ogre
  5790 | D:4      | Killed Dowan
  5906 | D:4      | Killed Duvessa
  6011 | D:4      | Found an iron altar of Okawaru.
  6017 | D:4      | Killed an ogre
  6017 | D:4      | Reached XP level 8. HP: 45/48 MP: 9/28
  6752 | D:4      | Reached skill level 9 in Spellcasting
  6800 | D:3      | Noticed Natasha
  6818 | D:3      | Killed Natasha
  6932 | D:3      | Noticed Natasha
  6941 | D:3      | Killed Natasha
  6986 | D:3      | Noticed Natasha
  6988 | D:3      | Killed Natasha
  7464 | D:5      | Killed an ogre
  7464 | D:5      | Reached skill level 1 in Evocations
  7715 | D:5      | Found a shattered altar of Ashenzari.
  8342 | D:6      | Found an ancient bone altar of Kikubaaqudgha.
  8373 | D:6      | Noticed faibistes' ghost (average DEWz)
  8523 | D:6      | Killed faibistes' ghost
  9027 | D:6      | Reached skill level 10 in Spellcasting
  9399 | D:6      | Reached skill level 5 in Fighting
  9471 | D:6      | Found a staircase to the Ecumenical Temple.
  9477 | Temple   | Entered the Ecumenical Temple
  9573 | Temple   | Became a worshipper of Sif Muna the Loreminder
  9922 | D:6      | Reached XP level 9. HP: 50/54 MP: 18/30
 10073 | D:7      | Killed Menkaure
 10073 | D:7      | Reached skill level 1 in Fire Magic
 10176 | D:7      | Noticed Joseph
 10368 | D:7      | Shot with a sling bullet by Joseph

Action                   |  1- 3 |  4- 6 |  7- 9 || total
-------------------------+-------+-------+-------++-------
Melee: Club              |     2 |       |       ||     2
       Dagger            |     6 |    13 |       ||    19
       Short sword       |       |     3 |    19 ||    22
 Cast: Magic Dart        |   132 |   184 |   357 ||   673
       Call Imp          |     4 |     5 |       ||     9
       Mephitic Cloud    |       |    11 |    21 ||    32
       Conjure Flame     |       |     4 |     8 ||    12
       Blink             |       |     4 |     9 ||    13
       Repel Missiles    |       |     2 |     2 ||     4
  Use: Scroll            |     3 |     4 |    11 ||    18
 Stab: Confused          |       |       |     1 ||     1
  Eat: Chunk             |     2 |     9 |    17 ||    28
